 Dungeon Crawl Stone Soup version 0.30-a0-223-gcb0039aa0c (webtiles) character file.

Game seed: 12213549352776373618

1103 tilp the Magician (level 8, -8/61 HPs)
             Began as a Djinni Fire Elementalist on Oct 7, 2022.
             Mangled by a mummy (17 damage)
             ... in an ossuary on Oct 9, 2022.
             The game lasted 00:10:47 (5298 turns).

tilp the Magician (Djinni Fire Elementalist)        Turns: 5298, Time: 00:10:49

Health: -8/61      AC:  4    Str:  7    XL:     8   Next: 58%
Gold:   306        EV: 13    Int: 18    God:
                   SH:  5    Dex: 15

rFire   + + .      SeeInvis .    a - +3 dagger (venom)
rCold   + . .      Faith    .    (no shield)
rNeg    . . .      Spirit   .    y - +1 robe {rC+}
rPois   ∞          Reflect  +    e - +0 helmet
rElec   .          Harm     .    (no cloak)
rCorr   .          Rampage  .    (no gloves)
Will    +....                    (boots unavailable)
Stlth   ++........               r - amulet of reflection
HPRegen 0.30/turn                h - ring of protection from cold
MPRegen 0.00/turn                u - ring of willpower

@: marked, flying, very slightly contaminated
A: sickness immunity, fire resistance 2, cold vulnerability 1, float, innate
caster, HP casting, extra vitality 1
a: no special abilities


You were in an ossuary.
You visited 1 branch of the dungeon, and saw 6 of its levels.
You also visited: Ossuary.

You collected 306 gold pieces.

Inventory:

Hand Weapons
 a - a +3 dagger of venom (weapon)
 b - a +0 vorpal dagger
 c - a +2 dagger of speed
 q - a +4 short sword of freezing
 x - a +7 scythe of freezing
Missiles
 f - 49 stones (quivered)
 m - 2 atropa-tipped darts
 t - 2 boomerangs
 z - 5 poisoned darts
Armour
 e - a +0 helmet (worn)
 i - the +0 robe of the Cartwright {Fly Dex-2 Slay+2}
   (You took it off a hobgoblin on level 2 of the Dungeon)

   Dex:       It affects your dexterity (-2).
   Slay:      It affects your accuracy & damage with ranged weapons and melee
   (+2).
   Fly:       It grants you flight.
 y - a +1 robe of cold resistance (worn)
Magical Staves
 s - a staff of death
Jewellery
 h - a ring of protection from cold (left hand)
 r - an amulet of reflection (around neck)
 u - a ring of willpower (right hand)
 w - a +4 ring of protection
Wands
 n - a wand of iceblast (3)
Scrolls
 d - 3 scrolls of teleportation
 o - 2 scrolls of fear
Potions
 g - 2 potions of brilliance
 j - 3 potions of haste
 k - a potion of curing
 l - a potion of flight {unknown}
 p - 2 potions of ambrosia


   Skills:
 + Level 5.7 Fighting
 - Level 3.0 Dodging
 - Level 2.0 Stealth
 - Level 6.0 Spellcasting


You couldn't memorise any spells.
You knew the following spells:

 Your Spells              Type           Power      Damage    Failure   Level
a - Foxfire               Conj/Fire      100%       2x1d9     1%          1
b - Scorch                Fire           54%        2d8       1%          2
c - Kindle Blastsparks    Fire/Tloc/Air  54%        2d14      3%          3
d - Inner Flame           Hex/Fire       27%        N/A       3%          3
e - Flame Wave            Conj/Fire      27%        2d9       10%         4
f - Sting                 Tmut/Pois      100%       1d8       1%          1
g - Wereblood             Tmut           27%        N/A       1%          2
h - Ozocubu's Armour      Ice            27%        N/A       3%          3
Your spell library was empty.

Dungeon Overview and Level Annotations

Branches:
Dungeon (6/15)            Ossuary (1/1)
 Temple: D:4-7

Altars:
Trog
Wu Jian

Annotations:
D:5 2 transporters


Innate Abilities, Weirdness & Mutations

You are immune to sickness and miasma.
You are immune to poison.
Your flesh is very heat resistant. (rF++)
You are vulnerable to cold. (rC-)
You float through the air rather than walking.
You learn spells naturally, not from books.
Your magical power is your life essence.
You have superior vitality. (+4 MHP)


Message History

Nothing appears to happen.
The kobold zombie is no longer more vulnerable to fire.
A kobold zombie comes into view. x2
Casting: Scorch (safe; 1% risk of failure)
Confirm with . or Enter, or press ? or * to list all spells.
Flames lash the kobold zombie.
You destroy the kobold zombie!
Unknown command.
Casting: Scorch (safe; 1% risk of failure)
Confirm with . or Enter, or press ? or * to list all spells.
Flames lash the kobold zombie.
The kobold zombie is heavily damaged.
The kobold zombie's fire resistance burns away.
Unknown command.
Casting: Scorch (safe; 1% risk of failure)
Confirm with . or Enter, or press ? or * to list all spells.
Flames lash the mummy but do no damage.
The mummy hits you!
* * * LOW HITPOINT WARNING * * *
Unknown command.
Casting: Scorch (safe; 1% risk of failure)
Confirm with . or Enter, or press ? or * to list all spells.
Flames lash the kobold zombie.
The kobold zombie is burned terribly!
You destroy the kobold zombie!
* * * LOW HITPOINT WARNING * * *
Unknown command.
Casting: Scorch (safe; 1% risk of failure)
Confirm with . or Enter, or press ? or * to list all spells.
Flames lash the kobold zombie.
You destroy the kobold zombie!
* * * LOW HITPOINT WARNING * * *
The mummy hits you.
* * * LOW HITPOINT WARNING * * *
Casting: Scorch (safe; 1% risk of failure)
Confirm with . or Enter, or press ? or * to list all spells.
Flames lash the human zombie.
The human zombie is lightly damaged.
The human zombie's fire resistance burns away.
* * * LOW HITPOINT WARNING * * *
The mummy hits you!
You die...

######################
#....................#
#....................#
#........8..8........#
#..........ZM@.......#
#...######.Z######...#
#...# #..# #...# #...#
#..# #...#
#...#.####M.####.#...#
#...#....Z.....Z.#...#
#...#...Z...####Z#...#
#...#......M# #...#
#...#.......# #...#


You could see a mummy, a kobold zombie and a human zombie (combustible).

Vanquished Creatures
  Sigmund (D:4)
  A necrophage (D:6)
  2 scorpions (D:5)
  3 wights (D:6)
  A centaur zombie (Ossuary)
  2 orc priests (D:5)
  A gnoll bouda (D:6)
  3 hounds
  A jelly (D:5)
  5 iguanas
  2 orc wizards
  A mummy (Ossuary)
  3 gnolls (D:6)
  3 adders
  A white imp (D:6)
  2 ufetubi
  A worm (D:4)
  2 dart slugs (D:4)
  7 orcs
  5 ball pythons
  5 endoplasms
  2 giant cockroaches
  5 goblins
  4 hobgoblins
  6 jackals
  3 quokkas
  3 bats (D:1)
  3 frilled lizards
  A goblin zombie (Ossuary)
  8 hobgoblin zombies (Ossuary)
  A jackal zombie (Ossuary)
  7 kobolds
  8 kobold zombies (Ossuary)
  8 orc zombies (Ossuary)
  4 rats
  2 rat zombies (Ossuary)
117 creatures vanquished.

Vanquished Creatures (others)
  99 foxfires
99 creatures vanquished.

Grand Total: 216 creatures vanquished

Notes
Turn   | Place    | Note
-------+----------+-------------------------------------------
     0 | D:1      | tilp the Djinni Fire Elementalist began the quest for the
                  | Orb.
     0 | D:1      | tilp set off with the following spells memorised: Foxfire,
                  | Scorch, Kindle Blastsparks, Inner Flame, Flame Wave.
     0 | D:1      | Reached XP level 1. HP: 15/15 MP: 0/0
    14 | D:1      | Found a faded altar of an unknown god.
    55 | D:1      | Reached XP level 2. HP: 12/22 MP: 0/0
   735 | D:2      | Reached skill level 1 in Fighting
   743 | D:2      | Reached XP level 3. HP: 25/27 MP: 0/0
   743 | D:2      | Learned a level 1 spell: Sting
   868 | D:2      | Identified the +0 robe of the Cartwright {Fly Dex-2 Slay+2}
  1514 | D:2      | Reached XP level 4. HP: 10/33 MP: 0/0
  1758 | D:3      | Reached skill level 3 in Spellcasting
  2176 | D:4      | Reached XP level 5. HP: 20/39 MP: 0/0
  2176 | D:4      | Learned a level 2 spell: Wereblood
  2675 | D:4      | Noticed Sigmund
  3064 | D:3      | Reached XP level 6. HP: 9/46 MP: 0/0
  3319 | D:4      | Killed Sigmund
  3320 | D:4      | Reached skill level 4 in Spellcasting
  3410 | D:4      | Reached XP level 7. HP: 30/52 MP: 0/0
  3410 | D:4      | Learned a level 3 spell: Ozocubu's Armour
  3971 | D:5      | Entered Level 5 of the Dungeon
  4132 | D:5      | Found a transporter.
  4148 | D:5      | Found a transporter.
  4259 | D:5      | Reached skill level 5 in Spellcasting
  4426 | D:5      | Reached skill level 5 in Fighting
  4426 | D:5      | Reached XP level 8. HP: 52/59 MP: 0/0
  4591 | D:5      | Upgraded the game from 0.30-a0-219-gf2db51d15e to
                  | 0.30-a0-223-gcb0039aa0c
  4655 | D:6      | Found an ornate altar of the Wu Jian Council.
  4655 | D:6      | Found a bloodstained altar of Trog.
  4881 | D:6      | Found a sand-covered staircase.
  4988 | Ossuary  | Entered an ossuary
  5291 | Ossuary  | Reached skill level 6 in Spellcasting
  5298 | Ossuary  | Mangled by a mummy

Illustrated notes

Levels and vault maps discovered:
D:1:      beargit_arrival_greenhouse, layout_loops_cross,
          shapermc_ecumenical_altar_starsandcircs
D:2:      layout_loops_cross
D:3:      layout_basic
D:4:      layout_gridville, uniq_sigmund
D:5:      gammafunk_steamed_eel, layout_rooms
D:6:      layout_loops_cross, lemuel_coloured_pillars_altar,
          amethyst_overflow_temple_binary, enter_ossuary_2, uniq_eustachio,
          uniq_menkaure, uniq_blork_the_orc
Ossuary:  ossuary_tomb_1

Skill      XL: |  1  2  3  4  5  6  7  8 |
---------------+-------------------------+-----
Fighting       | 1 2 3 4 5 |  5.7
Stealth        | 2 |  2.0
Dodging        | 3 |  3.0
Spellcasting   | 3 4 5 6 |  6.0

Action                   |  1- 3 |  4- 6 |  7- 9 || total
-------------------------+-------+-------+-------++-------
Melee: Unarmed           |     1 |       |       ||     1
       Dagger            |    18 |    73 |     8 ||    99
       Punch             |     1 |       |       ||     1
 Cast: Foxfire           |    47 |    14 |     3 ||    64
       Sting             |     4 |     6 |       ||    10
       Scorch            |       |     7 |   103 ||   110
       Inner Flame       |       |     2 |       ||     2
       Kindle Blastspark |       |     1 |     1 ||     2
       Ozocubu's Armour  |       |       |     1 ||     1
       Wereblood         |       |       |     1 ||     1
  Use: Scroll            |     5 |     4 |     7 ||    16
 Stab: Sleeping          |     1 |     2 |       ||     3
Armor: Robe              |    11 |     7 |     5 ||    23
Dodge: Dodged            |    21 |    45 |    24 ||    90
Block: Other             |       |    20 |    14 ||    34

Table legend: (Time is in decaauts)
 A = Elapsed time spent in this place.
 B = Non-inter-level travel time spent in this place.
 C = Inter-level travel time spent in this place.
 D = Time resting spent in this place.
 E = Time spent auto-exploring this place.
 F = Levels seen in this place.
 G = Mean time per level.
                   A        B        C        D        E       F      G
               +--------+--------+--------+--------+--------+-----+--------+
         Total |   5298 |   4906 |    392 |    888 |   3083 |   7 |  756.9 |
       Dungeon |   4988 |   4596 |    392 |    787 |   2978 |   6 |  831.3 |
       Ossuary |    309 |    309 |      0 |    101 |    105 |   1 |  309.0 |
               +--------+--------+--------+--------+--------+-----+--------+

Top non-repeatable levels by time:
     D:4: 1302 daAuts
     D:3: 1042 daAuts
     D:2: 923 daAuts
     D:1: 703 daAuts
     D:5: 673 daAuts
     D:6: 343 daAuts
 Ossuary: 309 daAuts
